 Dungeon Crawl Stone Soup version 0.29-a0-553-g81b289dbe5 (webtiles) character file.

Game seed: 9473376583325026475

695 valliere the Slasher (level 7, -3/61 HPs)
             Began as a Red Draconian Monk on June 7, 2022.
             Was an Initiate of Makhleb.
             Slain by a polar bear (5 damage)
             ... created by the rage of Trog
             ... on level 5 of the Dungeon.
             The game lasted 00:15:32 (4758 turns).

valliere the Slasher (Red Draconian Monk)           Turns: 4758, Time: 00:15:34

Health: -3/61      AC:  6    Str: 13    XL:     7   Next: 37%
Magic:  7/7        EV: 15    Int: 10    God:    Makhleb [......]
Gold:   204        SH:  0    Dex: 22    Spells: 6/6 levels left

rFire   + + .      SeeInvis .   a - +1 falchion
rCold   . . .      Faith    .   (no shield)
rNeg    . . .      Spirit   .   (body armour unavailable)
rPois   .          Reflect  .   (helmet restricted)
rElec   .          Harm     .   (no cloak)
rCorr   .          Rampage  .   (no gloves)
Will    .....                   (no boots)
Stlth   +.........              (no amulet)
HPRegen 0.20/turn               l - +6 ring of dexterity
MPRegen 0.10/turn               n - ring of protection from fire

@: very slow
A: breathe fire, AC +6, unfitting armour, fire resistance 1, cold-blooded
a: Breathe Fire, Renounce Religion


You were on level 5 of the Dungeon.
You worshipped Makhleb.
Makhleb was noncommittal.
You visited 1 branch of the dungeon, and saw 5 of its levels.

You collected 204 gold pieces.

Inventory:

Hand Weapons
 a - a +1 falchion (weapon)
Missiles
 m - 189 stones
 x - 11 javelins
Armour
 q - a +2 pair of gloves
Jewellery
 l - a +6 ring of dexterity (left hand)
 n - a ring of protection from fire (right hand)
Scrolls
 c - 2 scrolls of fear
 d - a scroll of vulnerability {unknown}
 g - 2 scrolls of noise
 h - a scroll of blinking {unknown}
 o - a scroll of magic mapping {unknown}
 s - a scroll of acquirement {unknown}
 v - a scroll of teleportation {unknown}
 w - a scroll of silence {unknown}
 y - a scroll of identify
Potions
 b - a potion of ambrosia
 e - 2 potions of flight {unknown}
 f - 3 potions of attraction {unknown}
 i - 3 potions of heal wounds {unknown}
 k - 5 potions of curing {unknown}
 p - 2 potions of haste {unknown}
 t - a potion of lignification {unknown}
 u - a potion of cancellation {unknown}
 z - a potion of invisibility {unknown}


   Skills:
 + Level 5.4 Fighting
 * Level 6.5 Long Blades
 + Level 4.5 Dodging
 - Level 1.7 Stealth


You had 6 spell levels left.
You didn't know any spells.
Your spell library contained the following spells:

 Spells                   Type           Power      Damage    Failure   Level
 Necrotize                Necr           0%         1d4       36%         1
 Confusing Touch          Hex            0%         N/A       75%         3
 Ignite Poison            Fire/Tmut/Pois 0%         N/A       75%         3
 Mephitic Cloud           Conj/Pois/Air  0%         N/A       75%         3
 Vampiric Draining        Necr           0%         2d6       75%         3
 Agony                    Necr           0%         N/A       100%        5
 Freezing Cloud           Conj/Ice/Air   0%         6-21      100%        5
 Metabolic Englaciation   Hex/Ice        0%         N/A       100%        5
 Yara's Violent Unravell  Hex/Tmut       0%         3d3       100%        5
 Dispersal                Tloc           0%         N/A       100%        6


Dungeon Overview and Level Annotations

Branches:
Dungeon (5/15)
 Temple: D:4-7

Altars:
Gozag
Makhleb
Trog
Yredelemnul
The Shining One


Innate Abilities, Weirdness & Mutations

You can breathe blasts of fire.
Your fiery red scales are hard. (AC +6)
You cannot fit into any form of body armour.
Your flesh is heat resistant. (rF+)
You are cold-blooded and may be slowed by cold attacks.


Message History

You kill the adder!
Makhleb accepts your kill.
You feel sick.
You feel sick.
There is an open translucent door, spattered with blood here.
You see here an adder corpse.
You enter the shallow water.
Moving in this stuff is going to be slow.
You feel sick.
You have got your breath back.
You feel sick.
You are no longer poisoned.
Trog sends monsters to punish you.
A black bear and 3 polar bears come into view.
You hit the polar bear but do no damage.
Okay, then.
Okay, then.
Okay, then.
You aren't carrying any items that you can evoke.
Okay, then.
Press: ? - help, v - describe, . - travel
Here: a polar bear (durably summoned, berserk) Some shallow water.
As you read the scroll labelled GOELELA QOCH, it crumbles to dust.
It is a scroll of enchant weapon.
Your +0 falchion glows red for a moment.
The polar bear bites you!
The polar bear claws you but does no damage.
The polar bear barely misses you. The polar bear bites you!
The polar bear misses you.
The polar bear claws you but does no damage.
As you read the scroll labelled GOARHY BABRIURCH, it crumbles to dust.
It is a scroll of amnesia.
You feel forgetful for a moment. The polar bear closely misses you.
The polar bear barely misses you. The polar bear closely misses you.
The polar bear rages.
The polar bear bites you!!
* * * LOW HITPOINT WARNING * * *
The polar bear claws you.
You die...

#.....#..>......##..#.#
# ##.##.##.#.#####>.#
#.# #
#.##.##.#.#####..# ..#
# #..............# .##
# ####.#.......#.# # #
#.#.##.#....# #
#...........#
###########.# ### ####
#hh@hhŠ.# #.. ..#
########.# #.# #.#
##..# #.####.## #.##
#.#...... #.# #>#.##.##
#.####.#.##.##
#...........##
#####.##.##.##
#.##.##.##


You could see 3 polar bears and a black bear (berserk).

Vanquished Creatures
  Sigmund (D:3)
  An ice beast (D:5)
  2 necrophages
  A jelly (D:5)
  A gnoll shaman (D:4)
  The ghost of purpskrrrp the Sneak, a weakling DrDe (D:5)
  4 gnolls (D:4)
  10 adders
  4 worms
  4 dart slugs
  6 orcs
  13 ball pythons
  10 endoplasms
  4 giant cockroaches
  6 goblins
  7 hobgoblins
  5 jackals
  9 quokkas
  2 bats
  3 frilled lizards (D:1)
  7 kobolds
  6 rats
107 creatures vanquished.

Vanquished Creatures (others)
  9 fungi (D:4)
9 creatures vanquished.

Grand Total: 116 creatures vanquished

Notes
Turn   | Place    | Note
-------+----------+-------------------------------------------
     0 | D:1      | valliere the Draconian Monk began the quest for the Orb.
     0 | D:1      | Reached XP level 1. HP: 19/19 MP: 1/1
   116 | D:1      | Got the Collected Works on Quantum Execration
   424 | D:1      | Reached XP level 2. HP: 25/26 MP: 2/2
   972 | D:1      | Reached XP level 3. HP: 31/31 MP: 3/3
  1384 | D:2      | Reached skill level 4 in Long Blades
  1570 | D:2      | Reached XP level 4. HP: 39/40 MP: 4/4
  2528 | D:3      | Found a faded altar of an unknown god.
  2528 | D:3      | Noticed a golden eye
  2548 | D:3      | Noticed a golden eye
  2556 | D:3      | Noticed a golden eye
  2556 | D:3      | Noticed a great orb of eyes
  2561 | D:3      | Prayed at the altar of an unknown god.
  2561 | D:3      | Became a worshipper of Trog the Wrathful
  2561 | D:3      | Reached * piety under Trog
  2561 | D:3      | Reached ** piety under Trog
  2951 | D:3      | Reached *** piety under Trog
  3052 | D:3      | Noticed Sigmund
  3061 | D:3      | Reached XP level 5. HP: 46/46 MP: 5/5
  3065 | D:3      | Killed Sigmund
  3066 | D:3      | Reached skill level 5 in Long Blades
  3066 | D:3      | Reached XP level 6. HP: 53/53 MP: 6/6
  3288 | D:3      | Found a faded altar of an unknown god.
  3292 | D:3      | Found a glowing golden altar of the Shining One.
  3641 | D:4      | Reached skill level 5 in Fighting
  4003 | D:4      | Found a burning altar of Makhleb.
  4006 | D:4      | Found a basalt altar of Yredelemnul.
  4020 | D:4      | Fell from the grace of Trog
  4020 | D:4      | Became a worshipper of Makhleb the Destroyer
  4187 | D:5      | Entered Level 5 of the Dungeon
  4205 | D:5      | Found a runed translucent door.
  4245 | D:5      | Found an opulent altar of Gozag.
  4338 | D:5      | Reached skill level 6 in Long Blades
  4371 | D:5      | Your scales start taking on a fiery red colour.
  4371 | D:5      | Reached XP level 7. HP: 49/61 MP: 7/7
  4371 | D:5      | Gained mutation: Your flesh is heat resistant. (rF+) [Red
                  | Draconian growth]
  4374 | D:5      | Identified the +5 ring mail of the Lumpy Queens {Fly Dex+2}
  4727 | D:5      | Noticed purpskrrrp's ghost (weakling DrDe)
  4747 | D:5      | Killed purpskrrrp's ghost
  4756 | D:5      | Noticed a polar bear
  4756 | D:5      | Noticed a polar bear
  4756 | D:5      | Noticed a polar bear
  4758 | D:5      | HP: 2/61 [polar bear[the rage of Trog] (25)]
  4758 | D:5      | Slain by a polar bear

Illustrated notes

Levels and vault maps discovered:
D:1:      heliophobic_arrival_enchanted_forest, layout_loops_corners,
          palyth_stone_intersect
D:2:      layout_loops_corners
D:3:      layout_basic, nicolae_overflow_ecumenical_swirl,
          hellmonk_ecumenical_altar_watching_god, uniq_sigmund
D:4:      layout_basic, nicolae_overflow_squiral, serial_aquarium,
          aquarium_bridge_square [aquarium_subvault_balcony,
          aquarium_subvault_window, aquarium_subvault_wall,
          aquarium_subvault_bridge], aquarium_window_1, aquarium_window_2,
          aquarium_window_corridor_1, aquarium_window_corner, aquarium_view_2f,
          aquarium_view_2b, aquarium_balcony_1b, aquarium_pool_four
D:5:      layout_loops_cross, mainiacjoe_overflow_24_doors,
          ebering_ghost_sewer_d, st_stairs_7, serial_park_tiny_pond

Skill      XL: |  1  2  3  4  5  6 |
---------------+-------------------+-----
Dodging        | 3 4 |  4.5
Long Blades    | 4 5 6 |  6.5
Fighting       | 4 5 |  5.4
Stealth        | |  1.7

Action                   |  1- 3 |  4- 6 |  7- 9 || total
-------------------------+-------+-------+-------++-------
Melee: Falchion          |    98 |   204 |    20 ||   322
       Tailslap          |    11 |    26 |     2 ||    39
       Punch             |       |     7 |       ||     7
Throw: Stone             |     1 |     7 |       ||     8
Invok: Berserk           |       |     2 |       ||     2
 Abil: Breathe Fire      |       |       |     4 ||     4
  Use: Scroll            |       |     2 |     2 ||     4
 Stab: Sleeping          |     8 |     3 |     1 ||    12
       Distracted        |       |     1 |       ||     1
Armor: Skin              |    24 |    67 |     6 ||    97
Dodge: Dodged            |    59 |   115 |    17 ||   191

Table legend: (Time is in decaauts)
 A = Elapsed time spent in this place.
 B = Non-inter-level travel time spent in this place.
 C = Inter-level travel time spent in this place.
 D = Time resting spent in this place.
 E = Time spent auto-exploring this place.
 F = Levels seen in this place.
 G = Mean time per level.
                   A        B        C        D        E       F      G
               +--------+--------+--------+--------+--------+-----+--------+
         Total |   4806 |   4684 |    122 |      0 |   3826 |   5 |  961.2 |
       Dungeon |   4806 |   4684 |    122 |      0 |   3826 |   5 |  961.2 |
               +--------+--------+--------+--------+--------+-----+--------+

Top non-repeatable levels by time:
     D:1: 1344 daAuts
     D:2: 1115 daAuts
     D:3: 1054 daAuts
     D:4: 718 daAuts
     D:5: 572 daAuts
